 Dungeon Crawl Stone Soup version 0.30-a0-263-ge22c4ad894 (webtiles) character file.

Game seed: 2926069373244150637

228 Iusername the Chopper (level 5, -8/48 HPs)
             Began as a Minotaur Monk on Oct 13, 2022.
             Killed by nerve-wracking pain
             ... invoked by an orc priest
              (13 damage)
             ... on level 4 of the Dungeon.
             The game lasted 00:04:20 (2240 turns).

Iusername the Chopper (Minotaur Monk)               Turns: 2240, Time: 00:04:21

Health: -8/48      AC:  4    Str: 17 (18) XL:     5   Next: 70%
Magic:  4/4        EV: 13    Int:  5 (7)  God:
Gold:   168        SH:  0    Dex:  9 (12) Spells: 4/4 levels left

rFire   + . .      SeeInvis .    a - +0 hand axe
rCold   + . .      Faith    .    (no shield)
rNeg    . . .      Spirit   .    b - +0 robe
rPois   +          Reflect  .    (helmet restricted)
rElec   +          Harm     .    e - +0 cloak
rCorr   +          Rampage  .    (no gloves)
Will    .....                    k - +0 pair of boots
Stlth   ++........               (no amulet)
HPRegen 0.28/turn                (no ring)
MPRegen 0.09/turn                (no ring)

@: brilliant, resistant
A: horns 2, retaliatory headbutt
a: no special abilities


You were on level 4 of the Dungeon.
You visited 1 branch of the dungeon, and saw 4 of its levels.

You collected 168 gold pieces.

Inventory:

Hand Weapons
 a - a +0 hand axe (weapon)
Missiles
 d - 6 javelins (quivered)
Armour
 b - a +0 robe (worn)
 e - a +0 cloak (worn)
 k - a +0 pair of boots (worn)
Jewellery
 o - an amulet of regeneration
 p - a ring of poison resistance
Scrolls
 c - a scroll of identify {unknown}
 f - 4 scrolls of teleportation {unknown}
 h - 2 scrolls of fog {unknown}
 m - a scroll of amnesia {unknown}
 s - a scroll of immolation {unknown}
Potions
 g - a potion of flight {unknown}
 i - a potion of haste {unknown}
 q - a potion of heal wounds {unknown}
 r - a potion of might {unknown}


   Skills:
 + Level 5.0 Fighting
 + Level 5.0 Axes
 + Level 4.5 Dodging
 + Level 2.9 Stealth


You had 4 spell levels left.
You didn't know any spells.
Your spell library contained the following spells:

 Spells                   Type           Power      Damage    Failure   Level
 Beastly Appendage        Tmut           0%         N/A       47%         1
 Wereblood                Tmut           0%         N/A       63%         2
 Spider Form              Tmut/Pois      0%         N/A       85%         3
 Yara's Violent Unravell  Hex/Tmut       0%         3d3       100%        5
 Enfeeble                 Hex            0%         N/A       100%        7


Dungeon Overview and Level Annotations

Branches:
Dungeon (4/15)
 Temple: D:4-7

Altars:


Innate Abilities, Weirdness & Mutations

You have a pair of horns on your head.
You reflexively headbutt those who attack you in melee.


Message History

You are too injured to fight recklessly!
Unknown command.
It was a potion of brilliance.
You feel clever all of a sudden.
It was a potion of degeneration.
There was something very wrong with that liquid.
You feel weakened.
You feel dopey.
You feel clumsy. The orc wizard completely misses you.
The orc closely misses you.
You hit the orc wizard. You headbutt the orc wizard!
The orc wizard is heavily wounded.
You hit the orc but do no damage.
The orc wizard hits you but does no damage.
The orc closely misses you.
You slash the orc wizard!
The orc wizard is almost dead.
You hit the orc but do no damage.
The orc wizard hits you but does no damage.
The orc misses you. You furiously retaliate!
You headbutt the orc.
You kill the orc!
The orc wizard mumbles some strange words.
The orc wizard flickers and vanishes!
Deactivating autopickup; reactivate with Ctrl-A.
The orc priest begins to cast a cantrip, but forgets the words!
You hit something but do no damage. Your headbutt misses something.
You barely miss the orc priest. Something hits you but does no damage.
The orc priest hits you with a +0 flail.
You barely miss something. You barely miss the orc priest.
You hear some strange, mumbled words.
A magic dart appears from out of thin air!
The magic dart hits you.
* * * LOW HITPOINT WARNING * * *
The orc priest mumbles some strange prayers to Beogh against you.
Pain shoots through your body!
* * * LOW HITPOINT WARNING * * *
It was a potion of resistance.
You feel protected. Something barely misses you.
The orc priest calls down the wrath of Beogh upon you.
Pain shoots through your body!
You die...

#### #..♣♣♣♣
#.#♣♣.♣♣##
#..[....@#
#.#♣.♣♣♣{o.#
######.#♣♣♣♣♣##.#
#.............
...
#.######.#.###
### #.# #.# ##.##
... #...# ...
##.#.#### ...


You could see an orc priest.

Vanquished Creatures
  A hound (D:4)
  2 orc priests
  4 gnolls (D:3)
  3 adders (D:2)
  2 worms (D:3)
  2 dart slugs (D:1)
  4 orcs
  6 ball pythons
  4 bats (D:1)
  8 endoplasms
  3 goblins (D:1)
  6 hobgoblins
  5 quokkas
  2 frilled lizards
  7 kobolds
  2 rats
61 creatures vanquished.

Vanquished Creatures (others)
  A plant (D:4)
1 creature vanquished.

Grand Total: 62 creatures vanquished

Notes
Turn   | Place    | Note
-------+----------+-------------------------------------------
     0 | D:1      | Iusername the Minotaur Monk began the quest for the Orb.
     0 | D:1      | Reached XP level 1. HP: 19/19 MP: 0/0
   103 | D:1      | Reached XP level 2. HP: 9/27 MP: 1/1
   678 | D:1      | Reached XP level 3. HP: 31/33 MP: 2/2
  1087 | D:2      | Reached XP level 4. HP: 40/40 MP: 3/3
  1592 | D:3      | HP: 2/41 [orc/+0 club (5)]
  1617 | D:3      | Reached XP level 5. HP: 10/47 MP: 4/4
  2233 | D:4      | Reached skill level 5 in Fighting
  2233 | D:4      | Reached skill level 5 in Axes
  2240 | D:4      | Killed from afar by an orc priest

Illustrated notes

Levels and vault maps discovered:
D:1:      dpeg_arrival_solitude, layout_rooms
D:2:      layout_basic
D:3:      layout_basic
D:4:      layout_loops_cross, serial_forest, infiniplex_forest_straight_4,
          infiniplex_forest_lined_room_2, infiniplex_forest_lined_3,
          infiniplex_forest_clump_small, infiniplex_forest_straight_3,
          infiniplex_forest_straight_2, infiniplex_forest_clump_diagonal,
          infiniplex_forest_straight_4

Skill      XL: |  1  2  3  4  5 |
---------------+----------------+-----
Stealth        | 2 |  2.9
Fighting       | 4 5 |  5.0
Axes           | 4 5 |  5.0
Dodging        | 4 |  4.5

Action                   |  1- 3 |  4- 6 || total
-------------------------+-------+-------++-------
Melee: Hand axe          |    74 |    67 ||   141
       Headbutt          |     9 |    11 ||    20
  Use: Potion            |       |     4 ||     4
 Stab: Sleeping          |     5 |     2 ||     7
       Distracted        |     1 |       ||     1
Armor: Robe              |    23 |    16 ||    39
Dodge: Dodged            |    54 |    43 ||    97

Table legend: (Time is in decaauts)
 A = Elapsed time spent in this place.
 B = Non-inter-level travel time spent in this place.
 C = Inter-level travel time spent in this place.
 D = Time resting spent in this place.
 E = Time spent auto-exploring this place.
 F = Levels seen in this place.
 G = Mean time per level.
                   A        B        C        D        E       F      G
               +--------+--------+--------+--------+--------+-----+--------+
         Total |   2253 |   2173 |     80 |    575 |   1071 |   4 |  563.2 |
       Dungeon |   2253 |   2173 |     80 |    575 |   1071 |   4 |  563.2 |
               +--------+--------+--------+--------+--------+-----+--------+

Top non-repeatable levels by time:
     D:3: 893 daAuts
     D:1: 750 daAuts
     D:2: 563 daAuts
     D:4: 45 daAuts
